 Dungeon Crawl Stone Soup version 0.22-a0-305-gd21a89c (webtiles) character file.

567 Kidiri the Shield-Bearer (level 7, -2/44 HPs)
             Began as a Gargoyle Fighter on Mar 31, 2018.
             Killed by divine providence
             ... invoked by an orc priest
              (13 damage)
             ... on level 5 of the Dungeon on Apr 1, 2018.
             The game lasted 00:08:13 (3908 turns).

Kidiri the Shield-Bearer (Gargoyle Fighter)         Turns: 3908, Time: 00:08:14

Health: -2/44      AC: 10    Str: 21    XL:     7   Next: 33%
Magic:  7/7        EV:  9    Int: 15    God:
Gold:   299        SH: 11    Dex: 10    Spells: 6/6 levels left

rFire    x . .     SeeInvis +   a - +3 long sword
rCold    + + .     Gourm    .   c - +1 shield
rNeg     + . .     Faith    .   b - +0 ring mail {rC+}
rPois    ∞         Spirit   .   (no helmet)
rElec    +         Reflect  .   (no cloak)
rCorr    .         Harm     .   (no gloves)
MR       .....                  (no boots)
Stlth    ..........             o - amulet "Uhop" {Acrobat rElec rPois Str-4 Int+6}
HPRegen  0.14/turn              p - ring of see invisible
MPRegen  0.10/turn              q - ring of ice

@: mighty
A: negative energy resistance 1, electricity resistance, unbreathing,
petrification resistance, rot immunity, AC +4
a: no special abilities


You were on level 5 of the Dungeon.
You were not hungry.

You visited 1 branch of the dungeon, and saw 5 of its levels.

You collected 299 gold pieces.

Inventory:

Hand Weapons
 a - a +3 long sword (weapon)
Missiles
 j - 8 tomahawks (quivered)
Armour
 b - a +0 ring mail of cold resistance (worn)
 c - a +1 shield (worn)
Jewellery
 o - the amulet "Uhop" (around neck) {Acrobat rElec rPois Str-4 Int+6}
   (You found it on level 4 of the Dungeon)

   [amulet of the acrobat]

   It helps you evade while moving and waiting.
   It affects your strength (-4).
   It affects your intelligence (+6).
   It insulates you from electricity.
   It protects you from poison.
 p - a ring of see invisible (left hand)
 q - a ring of ice (right hand)
Wands
 e - a wand of random effects (24)
Scrolls
 g - a scroll of remove curse
 h - 2 scrolls of amnesia
 i - a scroll of teleportation
Potions
 m - a potion of brilliance {unknown}
 n - a potion of magic
 r - a potion of invisibility {unknown}
Comestibles
 f - 7 rations


   Skills:
 * Level 5.0 Fighting
 * Level 3.5 Long Blades
 + Level 0.9 Throwing
 * Level 5.0 Armour
 + Level 1.7 Dodging
 * Level 5.1 Shields


You had 6 spell levels left.
You didn't know any spells.

Dungeon Overview and Level Annotations

Branches:
Dungeon (5/15)
 Temple: D:4-7

Altars:
Ru


Innate Abilities, Weirdness & Mutations

You are resistant to torment.
Your stone body is resilient. (AC +4)
You are immune to poison.
You resist negative energy. (rN+)
You are resistant to electric shocks. (rElec)
You can survive without breathing.
You are immune to petrification.
You are immune to rotting.


Message History

You hit the orc priest.
The orc priest is moderately wounded.
You block the orc's attack.
You feel very mighty all of a sudden.
The orc wizard casts a spell.
The orc wizard blinks!
The orc priest invokes the aid of Beogh against you.
Beogh smites you! The orc closely misses you.
You closely miss the orc priest.
The orc priest is moderately wounded.
The orc priest invokes the aid of Beogh against you.
Beogh smites you!
* * * LOW HITPOINT WARNING * * *
You block the orc's attack.
Unknown command.
You closely miss the orc priest.
The orc priest is moderately wounded.
The orc priest calls down the wrath of Beogh upon you.
Beogh smites you!
You die...

#.. #####
#...##..<# .
#........# ..
#...##...# ...
#...##...# (...
#....#...# .....
#....#)..#
.....5#o...#...#
.....oo@...#...#
.....o##..##'###
##... #..##...#
#.. #.......# #.
#.......# #
+.......#
#########


You could see an orc priest, a crimson imp and 3 orcs.

Vanquished Creatures
  Sigmund (D:2)
  An ogre (D:4)
  2 hounds
  An orc priest (D:5)
  Natasha (thrice) (D:2)
  A worker ant (D:4)
  7 adders
  A gnoll (D:1)
  5 worms
  A leopard gecko (D:1)
  7 orcs
  3 ball pythons
  6 bats
  5 hobgoblins
  8 jackals
  5 kobolds
  5 frilled lizards
  A jackal skeleton (D:4)
  7 rats
70 creatures vanquished.

Notes
Turn   | Place    | Note
-------+----------+-------------------------------------------
     0 | D:1      | Kidiri the Gargoyle Fighter began the quest for the Orb.
     0 | D:1      | Reached XP level 1. HP: 14/14 MP: 1/1
   296 | D:1      | Reached XP level 2. HP: 19/19 MP: 2/2
   572 | D:1      | Reached XP level 3. HP: 21/23 MP: 3/3
   686 | D:2      | Noticed Natasha
   708 | D:2      | Killed Natasha
   970 | D:2      | Reached XP level 4. HP: 17/29 MP: 4/4
  1122 | D:2      | Noticed Sigmund
  1139 | D:2      | Killed Sigmund
  1139 | D:2      | Reached skill level 1 in Dodging
  1139 | D:2      | Reached XP level 5. HP: 27/34 MP: 5/5
  1273 | D:2      | Noticed Natasha
  1285 | D:2      | Killed Natasha
  1285 | D:2      | Reached XP level 6. HP: 21/39 MP: 6/6
  1419 | D:2      | Found a sacrificial altar of Ru.
  1711 | D:2      | Noticed Natasha
  1727 | D:2      | Killed Natasha
  3353 | D:4      | Got a smoking amethyst amulet
  3368 | D:4      | Identified the amulet "Uhop" {Acrobat rElec rPois Str-4 Int+6} (You found it on level 4 of the Dungeon)
  3380 | D:4      | Reached XP level 7. HP: 44/44 MP: 7/7
  3521 | D:4      | Reached skill level 5 in Shields
  3528 | D:4      | Reached skill level 5 in Fighting
  3855 | D:5      | Entered Level 5 of the Dungeon
  3891 | D:5      | Reached skill level 5 in Armour
  3908 | D:5      | Killed from afar by an orc priest

Vault maps used:
D:1:      tarquinn_simple_flora_water_f
D:2:      lemuel_statue_altar, uniq_sigmund, uniq_natasha
D:3:      first_ration, hangedman_decor_clover_reticule
D:5:      corexii_item_surrounded_by_moat, grunt_ministairs_7

Skill      XL: |  1  2  3  4  5  6  7 |
---------------+----------------------+-----
Long Blades    | 2 3 |  3.5
Fighting       | 4 5 |  5.0
Armour         | 4 5 |  5.0
Dodging        | 1 |  1.7
Shields        | 4 5 |  5.1
Throwing       | |  0.9

Action                   |  1- 3 |  4- 6 |  7- 9 || total
-------------------------+-------+-------+-------++-------
Melee: Long sword        |    88 |   137 |    42 ||   267
Throw: Tomahawk          |       |       |     2 ||     2
  Use: Scroll            |     5 |     5 |       ||    10
       Potion            |     1 |       |     3 ||     4
  Eat: Chunk             |       |     8 |     2 ||    10
Armor: Scale mail        |    46 |       |       ||    46
       Ring mail         |    12 |    65 |    15 ||    92
Dodge: Dodged            |    34 |    61 |    15 ||   110
Block: Shield            |    52 |    89 |    21 ||   162
       Rpst.: Long sword |    10 |    19 |     7 ||    36

Table legend:
 A = Spawn XP
 B = Non-spawn XP
 C = Spawn XP percentage of total XP
 D = Spawn monster count
 E = Non-spawn monster count
 F = Spawn count percentage of total count
 G = Total turns spent on level
                    A         B        C        D         E        F      G
               +---------+---------+-------+---------+---------+-------+---------
         Total |       0 |     811 |   0.0 |       0 |      70 |   0.0 |  3908
               +---------+---------+-------+---------+---------+-------+---------
           D:1 |       0 |      36 |   0.0 |       0 |      13 |   0.0 |   674
           D:2 |       0 |     349 |   0.0 |       0 |      18 |   0.0 |  1595
           D:3 |       0 |     113 |   0.0 |       0 |      27 |   0.0 |   850
           D:4 |       0 |     220 |   0.0 |       0 |       7 |   0.0 |   736
           D:5 |       0 |      93 |   0.0 |       0 |       5 |   0.0 |    53
               +---------+---------+-------+---------+---------+-------+---------
